 Dungeon Crawl Stone Soup version 0.23-b1-6-ga921848 (webtiles) character file.

Game seed: 1017523412370187381

34 Monsterracer the Conjurer (level 3, -1/14 HPs)
             Began as a Felid Wizard on Feb 2, 2019.
             Slain by a bullfrog (3 damage)
             ... on level 2 of the Dungeon.
             The game lasted 00:04:42 (2945 turns).

Monsterracer the Conjurer (Felid Wizard)            Turns: 2945, Time: 00:04:43

Health: -1/14      AC:  1    Str:  3    XL:     3   Next: 14%
Magic:  0/8        EV: 20    Int: 25    God:
Gold:   66         SH:  0    Dex: 14    Spells: 0/8 levels left
                                        Lives:  0   Deaths: 1

rFire    . . .     SeeInvis +   (weapon unavailable)
rCold    . . .     Gourm    .   (shield unavailable)
rNeg     . . .     Faith    .   (armour unavailable)
rPois    .         Spirit   .   (helmet unavailable)
rElec    .         Reflect  .   (cloak unavailable)
rCorr    .         Harm     .   (gloves unavailable)
MR       +....                  (boots unavailable)
Stlth    +++.......             (no amulet)
HPRegen  0.04/turn              M - ring of protection from magic {!d}
MPRegen  0.11/turn              l - +3 ring of evasion

@: brilliant, very slightly contaminated, quick
A: very small, no armour, no weapons or thrown items, stealth, claws 1, fangs 3,
see invisible, carnivore, speed 1, shaggy fur 1, slow metabolism 1, sharp paws
a: no special abilities


You were on level 2 of the Dungeon.
You were not hungry.

You visited 1 branch of the dungeon, and saw 2 of its levels.

You collected 66 gold pieces.

Inventory:

Jewellery
 l - a +3 ring of evasion (right paw)
 M - a ring of protection from magic (left paw) {!d}
Scrolls
 a - 2 scrolls of teleportation {unknown}
 d - a scroll of random uselessness {unknown}
 g - a scroll of identify {unknown}
 h - a scroll of fog {unknown}
 j - a scroll of enchant weapon {unknown}
 k - 2 scrolls of immolation {unknown}
Potions
 b - a potion of might {unknown}
 f - 2 potions of haste
 i - a potion of cancellation {unknown}
 m - a potion of flight {unknown}
Comestibles
 c - 4 rations
 n - a chunk of flesh


   Skills:
 - Level 2.6 Dodging
 - Level 2.6 Stealth
 - Level 3.0 Spellcasting
 + Level 3.6 Conjurations
   Level 1.0 Summonings
 - Level 1.5 Translocations


You couldn't memorise any spells.
You knew the following spells:

 Your Spells              Type           Power        Failure   Level  Hunger
a - Magic Dart            Conj           ####         1%          1    None
b - Conjure Flame         Conj/Fire      ####....     1%          3    ###....
c - Mephitic Cloud        Conj/Pois/Air  ###.....     2%          3    ###....
e - Blink                 Tloc           N/A          1%          2    ##.....

Your spell library contained the following spells:

 Spells                   Type           Power        Failure   Level  Hunger
 Call Imp                 Summ           ###.....     1%          2    ##.....
 Slow                     Hex            ###.....     1%          2    ##.....


Dungeon Overview and Level Annotations

Branches:
Dungeon (2/15)

Altars:

Annotations:
D:2 Sigmund, Terence


Innate Abilities, Weirdness & Mutations

You cannot wear armour.
You are incapable of wielding weapons or throwing items.
Your paws allow you to move quietly. (Stealth)
You have sharp claws.
You have razor-sharp teeth.
You have supernaturally acute eyesight. (SInv)
You are carnivorous and can eat meat at any time.
You cover ground quickly.
You are covered in fur. (AC +1)
You have a slow metabolism.
Your sharp claws are effective at attacking unaware monsters.


Message History

Magic restored.
A rat comes into view.
MP restored: 8 A rat is nearby!
Casting: Magic Dart (safe; 3% risk of failure)
Confirm with . or Enter, or press ? or * to list all spells.
Aiming: Magic Dart (safe; 3% risk of failure)
Press: ? - help, Shift-Dir - straight line, f - rat
Aim: a rat (resting)
The magic dart hits the rat.
The rat is heavily wounded.
You now have 7/8 mp.
Casting: Magic Dart (safe; 3% risk of failure)
Confirm with . or Enter, or press ? or * to list all spells.
Aiming: Magic Dart (safe; 3% risk of failure)
Press: ? - help, Shift-Dir - straight line, f/p - rat
Aim: a rat (heavily wounded)
The magic dart hits the rat.
You kill the rat!
A kobold comes into view. It is wielding a +0 short sword.
MP restored: 8 A kobold is nearby!
Casting: Magic Dart (safe; 3% risk of failure)
Confirm with . or Enter, or press ? or * to list all spells.
Aiming: Magic Dart (safe; 3% risk of failure)
Press: ? - help, Shift-Dir - straight line, f - kobold
Aim: a kobold, wielding a +0 short sword (resting)
The magic dart hits the kobold.
The kobold is severely wounded.
The kobold shouts!
You now have 7/8 mp.
Casting: Magic Dart (safe; 3% risk of failure)
Confirm with . or Enter, or press ? or * to list all spells.
Aiming: Magic Dart (safe; 3% risk of failure)
Press: ? - help, Shift-Dir - straight line, f/p - kobold
Aim: a kobold, wielding a +0 short sword (severely wounded)
The magic dart hits the kobold.
You kill the kobold!
You now have 6/8 mp.
m - a yellow potion MP restored: 8 You butcher the felid corpse of Monsterracer.
n - a chunk of flesh You see here the felid skeleton of Monsterracer.
A bullfrog comes into view.
You see here the felid skeleton of Monsterracer.
A bullfrog is nearby!
Casting: Magic Dart (safe; 3% risk of failure)
Confirm with . or Enter, or press ? or * to list all spells.
Aiming: Magic Dart (safe; 3% risk of failure)
Press: ? - help, Shift-Dir - straight line, f - bullfrog
Aim: a bullfrog (hasn't noticed you)
The magic dart hits the bullfrog.
The bullfrog is moderately wounded.
The bullfrog gives a loud, deep croak!
You hear a shout!
You now have 7/8 mp.
Casting: Magic Dart (safe; 3% risk of failure)
Confirm with . or Enter, or press ? or * to list all spells.
You can't see any susceptible monsters within range! (Use Z to cast anyway.) Unknown command.
Casting: Magic Dart (safe; 3% risk of failure)
Confirm with . or Enter, or press ? or * to list all spells.
You can't see any susceptible monsters within range! (Use Z to cast anyway.) Unknown command.
MP restored: 8
Casting: Magic Dart (safe; 3% risk of failure)
Confirm with . or Enter, or press ? or * to list all spells.
Aiming: Conjure Flame (safe; 21% risk of failure)
Press: ? - help, Dir - move target cursor, f/p - bullfrog
Aim: a bullfrog (moderately wounded)
Okay, then.
Casting: Conjure Flame (safe; 21% risk of failure)
Confirm with . or Enter, or press ? or * to list all spells.
You blink.
The bullfrog hits you!
Ouch! That really hurt!
* * * LOW HITPOINT WARNING * * *
You take 7 damage, and have 7/14 hp.
MASSIVE DAMAGE!!
You now have 6/8 mp.
Unknown command.
Casting: Blink (safe; 12% risk of failure)
Confirm with . or Enter, or press ? or * to list all spells.
You miscast Blink.
You are very lightly contaminated with residual magic.
Nothing appears to happen.
The bullfrog hits you.
* * * LOW HITPOINT WARNING * * *
The bullfrog misses you.
You take 5 damage, and have 2/14 hp.
MASSIVE DAMAGE!!
You now have 4/8 mp.
Casting: Blink (safe; 12% risk of failure)
Confirm with . or Enter, or press ? or * to list all spells.
You blink.
The bullfrog closely misses you.
You now have 2/8 mp.
Casting: Blink (safe; 12% risk of failure)
Confirm with . or Enter, or press ? or * to list all spells.
You blink.
The bullfrog swells and bulges.
You now have 0/8 mp.
Okay, then.
It was a potion of brilliance.
You feel clever all of a sudden. The bullfrog hits you.
You die...

.............# ##..#..#
####.....## # ... ...
#....##..#####.......# #.#
###.##...........##....# #.#
.......###...######....# #.#####
.......#####.###.......# #......
######.....#.....##....####......
#####.....F@÷.....##........
######...#####..........(.....
##...§..########...............
###..#########.....#.#..#.)......
)..............#####.#.#####.....
..#########..#######.#.# #.....
### #........#...# ##...# .#
#.######.....### ###.. .## #.#
###.....## ##(


You could see a bullfrog.

Vanquished Creatures
  An adder (D:2)
  An ooze (D:1)
  3 worms (D:2)
  2 dart slugs
  4 bats
  2 giant cockroaches (D:1)
  7 goblins
  9 hobgoblins
  6 kobolds
  3 frilled lizards (D:1)
  7 rats
45 creatures vanquished.

Notes
Turn   | Place    | Note
-------+----------+-------------------------------------------
     0 | D:1      | Monsterracer the Felid Wizard began the quest for the Orb.
     0 | D:1      | Reached XP level 1. HP: 7/7 MP: 5/5
    17 | D:1      | Reached skill level 1 in Conjurations
   415 | D:1      | Reached XP level 2. HP: 11/11 MP: 4/7
   470 | D:1      | Learned a level 2 spell: Blink
  1243 | D:2      | Reached XP level 3. HP: 14/14 MP: 1/8
  1248 | D:2      | Learned a level 3 spell: Conjure Flame
  1423 | D:2      | HP: 7/14 [adder (4)]
  1430 | D:2      | HP: 5/14 [poisoned by an adder]
  1436 | D:2      | HP: 4/14 [poisoned by an adder]
  1443 | D:2      | HP: 3/14 [poisoned by an adder]
  1451 | D:2      | HP: 2/14 [poisoned by an adder]
  1458 | D:2      | HP: 1/14 [poisoned by an adder]
  1818 | D:2      | Noticed Terence
  2499 | D:2      | Reached XP level 4. HP: 18/18 MP: 0/9
  2504 | D:2      | Learned a level 3 spell: Mephitic Cloud
  2665 | D:2      | Noticed Sigmund
  2681 | D:2      | HP: 5/18 [Sigmund/puff of flame (13)]
  2682 | D:2      | Killed from afar by Sigmund
  2683 | D:2      | Reached XP level 3. HP: -1/14 MP: 5/8
  2925 | D:2      | Noticed a bullfrog
  2937 | D:2      | HP: 7/14 [bullfrog (7)]
  2938 | D:2      | HP: 2/14 [bullfrog (5)]
  2945 | D:2      | Slain by a bullfrog

Skill      XL: |  1  2  3 |
---------------+----------+-----
Conjurations   | 1 2 3 |  3.6
Dodging        | |  2.6
Stealth        | |  2.6
Spellcasting   | |  3.0
Summonings     | |  1.0
Translocations | |  1.5

Action                   |  1- 3 |  4- 6 || total
-------------------------+-------+-------++-------
Melee: Unarmed           |    25 |       ||    25
       Bite              |     2 |       ||     2
 Cast: Magic Dart        |   131 |     8 ||   139
       Blink             |     3 |       ||     3
       Conjure Flame     |     1 |       ||     1
  Use: Potion            |     2 |       ||     2
  Eat: Chunk             |    10 |       ||    10
Armor: Skin              |     1 |       ||     1
Dodge: Dodged            |    34 |       ||    34

Vault maps used:
D:1:      dpeg_arrival_leaves_temple_mockup
D:2:      minmay_chambers_of_ones, yredelemnul_forgotten_temple_becter,
          uniq_terence, uniq_sigmund
